[Event "Olimpiade 2024 - Donne"]
[Site "Budapest"]
[Date "22.09.2024"]
[Round "11.40"]
[White "Caku, Kler"]
[Black "Gabatshwarwe, Refilwe"]
[Result "1-0"]
[WhiteElo "1859"]
[BlackElo "1787"]
[ECO "C48"]
[Opening "Four knights"]
[Variation "Spanish, classical defence"]
[TimeControl "40/5400+30:1800"]
[EventDate "2024.09.11"]
[Board "2"]
[WhiteFideId "4704703"]
[BlackFideId "11312734"]
[WhiteTeam "Albania"]
[BlackTeam "Botswana"]

1. e4 e5 2. Nf3 Nc6 3. Nc3 Nf6 4. Bb5 Bc5 5. Bxc6 dxc6 6. d3 Qe7 7. h3 h6
8. Qe2 Bd7 9. Nd1 Bb6 10. a4 a5 11. Bd2 Nh7 12. Bc3 f6 13. Ne3 Bxe3 14.
Qxe3 c5 15. b3 b6 16. Nd2 Nf8 17. f4 exf4 18. Qxf4 Ne6 19. Qf2 O-O-O 20.
O-O-O Bc6 21. Rhe1 Rhf8 22. Kb2 Kb8 23. Nf3 Rd7 24. Nh4 Qf7 25. Nf5 Rfd8
26. Ne3 Qg6 27. Nc4 Bb7 28. e5 Nd4 29. Rd2 Re7 30. Bxd4 cxd4 31. Rde2 Ba6
32. exf6 Rxe2 33. Rxe2 Bxc4 34. bxc4 gxf6 35. Re6 Rf8 36. Qf4 Kb7 37. g4 h5
38. Qxd4 hxg4 39. hxg4 Qg5 40. Qe4+ Kb8 41. Qf5 Qd2 42. Qb5 Rh8 43. c5 Rh2
44. Re8+ Kb7 45. c6+ 1-0

[Event "Olimpiade 2024 - Donne"]
[Site "Budapest"]
[Date "22.09.2024"]
[Round "11.40"]
[White "Banda, Natalie Katlo"]
[Black "Shabanaj, Eglantina"]
[Result "1/2-1/2"]
[WhiteElo "1893"]
[BlackElo "1957"]
[ECO "D05"]
[Opening "Queen's pawn game"]
[TimeControl "40/5400+30:1800"]
[EventDate "2024.09.11"]
[Board "3"]
[WhiteFideId "11315075"]
[BlackFideId "4700562"]
[WhiteTeam "Botswana"]
[BlackTeam "Albania"]

1. d4 d5 2. Nf3 e6 3. e3 Nf6 4. Nbd2 b6 5. c3 Be7 6. Bd3 Bb7 7. O-O Nbd7 8.
Qc2 c5 9. e4 c4 10. Be2 Nxe4 11. Nxe4 dxe4 12. Nd2 Nf6 13. Bxc4 O-O 14. Re1
Rc8 15. Qd1 Nd5 16. Bb3 f5 17. f3 e3 18. Bxd5 Qxd5 19. Rxe3 Rf6 20. Re5 Qd7
21. Nf1 Bd6 22. Re1 Rg6 23. a4 a5 24. Kf2 Qc7 25. g3 h5 26. f4 h4 27. Qd3
Qc6 28. d5 Qxd5 29. Qxd5 Bxd5 30. Be3 Rc6 31. Nd2 e5 32. Rg1 hxg3+ 33. hxg3
Rg4 34. Nf3 exf4 35. gxf4 Bxf4 36. Rxg4 Bxe3+ 37. Kxe3 fxg4 38. Ne5 Re6 39.
Kd4 Bf3 40. b4 Bd1 41. Kd5 Bb3+ 42. c4 Rf6 43. bxa5 bxa5 44. Nxg4 Rb6 45.
Ne5 Rb4 46. Nc6 Rxc4 47. Nxa5 Rxa4+ 1/2-1/2

[Event "Olimpiade 2024 - Donne"]
[Site "Budapest"]
[Date "22.09.2024"]
[Round "11.40"]
[White "Omeri, Eklea"]
[Black "Rebatenne, Boitshepo"]
[Result "1-0"]
[WhiteElo "1962"]
[BlackElo "1696"]
[ECO "D10"]
[Opening "QGD Slav defence"]
[TimeControl "40/5400+30:1800"]
[EventDate "2024.09.11"]
[Board "4"]
[WhiteFideId "4703804"]
[BlackFideId "11301503"]
[WhiteTeam "Albania"]
[BlackTeam "Botswana"]

1. d4 d5 2. c4 c6 3. Nc3 Nf6 4. cxd5 cxd5 5. Nf3 Bf5 6. Qb3 Qb6 7. Nxd5
Nxd5 8. Qxd5 e6 9. Qc4 Nc6 10. a3 Be7 11. e3 O-O 12. b4 Rac8 13. Qb5 Qc7
14. Bd2 a6 15. Qa4 Na7 16. Qb3 Bc2 17. Qb2 Ba4 18. Bd3 Qd6 19. O-O f5 20.
Rac1 Bc6 21. Ne5 Bd5 22. Rxc8 Rxc8 23. Rc1 Rc7 24. f3 b5 25. Rxc7 Qxc7 26.
Qc2 Qxc2 27. Bxc2 Bb7 28. Bb3 Bc8 29. d5 exd5 30. Bxd5+ Kf8 31. Bc3 Bf6 32.
f4 Ke7 33. Bd4 Kd6 34. Ba8 g6 35. Bxa7 Bxe5 36. fxe5+ Kxe5 37. Bb8+ Kf6 38.
Bd5 g5 39. Bd6 h6 40. Kf2 h5 41. Ke2 h4 42. g3 hxg3 43. hxg3 Kg6 44. Kd3
Kf6 45. Kd4 1-0

[Event "Olimpiade 2024 - Donne"]
[Site "Budapest"]
[Date "22.09.2024"]
[Round "11.41"]
[White "Varela La Madrid, Tilsia Carolina"]
[Black "Morales Santos, Natasha"]
[Result "1/2-1/2"]
[WhiteElo "2017"]
[BlackElo "1972"]
[ECO "B22"]
[Opening "Sicilian"]
[Variation "Alapin's variation (2.c3)"]
[TimeControl "40/5400+30:1800"]
[EventDate "2024.09.11"]
[Board "1"]
[WhiteFideId "3903001"]
[BlackFideId "3101703"]
[WhiteTeam "Venezuela"]
[BlackTeam "Puerto Rico"]

1. e4 c5 2. c3 Nf6 3. e5 Nd5 4. Nf3 e6 5. Bc4 d6 6. d4 cxd4 7. cxd4 Be7 8.
O-O O-O 9. Qe2 b6 10. Rd1 Bb7 11. Nc3 Nxc3 12. bxc3 Qc8 13. Bd3 Nd7 14. Bf4
Bxf3 15. Qxf3 dxe5 16. dxe5 Nc5 17. Bc2 Qc7 18. Rd4 Rfd8 19. Rad1 Rac8 20.
h4 Nb7 21. Be4 Na5 22. h5 Nc6 23. Bxc6 Rxd4 24. Rxd4 Qxc6 25. Qxc6 Rxc6 26.
Rd7 Kf8 27. Rxa7 f5 28. Be3 Bc5 29. Bg5 b5 30. Rb7 Ba3 31. h6 gxh6 32.
Bxh6+ Ke8 33. Rxb5 Rxc3 34. Rb3 Rxb3 35. axb3 Kd7 36. Bd2 Kc6 37. Kf1 Bb2
38. f4 Kd5 39. Ke2 Ke4 40. Kf2 Kd3 41. Ba5 Bc1 42. Kf3 h5 43. b4 Bd2 44. g3
Be1 1/2-1/2

[Event "Olimpiade 2024 - Donne"]
[Site "Budapest"]
[Date "22.09.2024"]
[Round "11.41"]
[White "Rivera Negron, Yanira"]
[Black "Otazo Sanchez, Annyd Gabriela"]
[Result "0-1"]
[WhiteElo "1805"]
[BlackElo "1976"]
[ECO "A54"]
[Opening "Old Indian"]
[Variation "Ukrainian variation"]
[TimeControl "40/5400+30:1800"]
[EventDate "2024.09.11"]
[Board "2"]
[WhiteFideId "3101177"]
[BlackFideId "3901050"]
[WhiteTeam "Puerto Rico"]
[BlackTeam "Venezuela"]

1. d4 Nf6 2. c4 d6 3. Nc3 e5 4. dxe5 dxe5 5. Qxd8+ Kxd8 6. Bg5 Be6 7.
O-O-O+ Nd7 8. e4 c6 9. f3 Kc7 10. b3 Bb4 11. Bd2 Nc5 12. Kb2 Rhd8 13. a3
Bxc3+ 14. Kxc3 Ncxe4+ 15. fxe4 Nxe4+ 16. Kc2 Nf2 17. Nf3 Nxh1 18. Be3 Rxd1
19. Kxd1 Bg4 20. Ke1 Rd8 21. Be2 f6 22. Nd2 Bxe2 23. Kxe2 b6 24. Ne4 h6 25.
Nd2 f5 26. Nf3 f4 27. Bc1 g5 28. Bb2 e4 29. Nd4 Kb7 30. b4 e3 31. Bc3 Nf2
32. g3 Ne4 33. Ba1 c5 34. bxc5 bxc5 35. Nf5 Rd2+ 36. Ke1 Rxh2 37. Be5 f3
38. Nxe3 Re2+ 0-1

[Event "Olimpiade 2024 - Donne"]
[Site "Budapest"]
[Date "22.09.2024"]
[Round "11.41"]
[White "Perez Hernandez, Vicmary C."]
[Black "Vega Jimenez, Keyshla M."]
[Result "1-0"]
[WhiteElo "1960"]
[BlackElo "1769"]
[ECO "C05"]
[Opening "French"]
[Variation "Tarrasch, closed variation"]
[TimeControl "40/5400+30:1800"]
[EventDate "2024.09.11"]
[Board "3"]
[WhiteFideId "3930831"]
[BlackFideId "3101851"]
[WhiteTeam "Venezuela"]
[BlackTeam "Puerto Rico"]

1. e4 e6 2. d4 d5 3. Nd2 Nf6 4. e5 Nfd7 5. Bd3 c5 6. c3 Nc6 7. Ngf3 Be7 8.
O-O O-O 9. Re1 Qb6 10. Nf1 cxd4 11. cxd4 Qd8 12. Bb1 Re8 13. Ng3 Nf8 14. a3
Bd7 15. b4 Rc8 16. Qd2 f6 17. exf6 Bxf6 18. Ne5 Re7 19. Bb2 Be8 20. Ng4 Bh4
21. Qe3 Bg6 22. Bxg6 Nxg6 23. Nh5 Re8 24. g3 Bg5 25. f4 Bh4 26. Rac1 Nf8
27. gxh4 Qxh4 28. Qg3 Qxg3+ 29. Nxg3 Ng6 30. f5 Nf4 31. Nf2 exf5 32. b5 Na5
33. Rxc8 Rxc8 34. Bc1 Ng6 35. Nxf5 Kf8 36. Nd6 Rd8 37. Bd2 Nc4 38. Nxb7 Rb8
39. Bb4+ Kg8 40. Nd6 Nxd6 41. Bxd6 Rxb5 42. Nh3 h6 43. Nf4 Nh4 44. Re8+ Kh7
45. Bc5 a6 46. Kf2 Nf5 47. Re5 Rb2+ 48. Re2 Rb5 49. a4 Rb1 50. Nxd5 Ra1 51.
Nb6 Rd1 52. d5 Rd3 53. Re5 Nh4 54. d6 Ng6 55. Rd5 1-0

[Event "Olimpiade 2024 - Donne"]
[Site "Budapest"]
[Date "22.09.2024"]
[Round "11.42"]
[White "Lindiawati, Evi"]
[Black "Shibata, Misaki"]
[Result "1-0"]
[WhiteElo "1940"]
[BlackElo "1847"]
[ECO "A17"]
[Opening "English opening"]
[TimeControl "40/5400+30:1800"]
[EventDate "2024.09.11"]
[Board "1"]
[WhiteFideId "7101449"]
[BlackFideId "7001134"]
[WhiteTeam "Indonesia"]
[BlackTeam "Japan"]

1. c4 e6 2. Nc3 Nf6 3. g3 d5 4. cxd5 exd5 5. d4 c6 6. Bg2 Bd6 7. Nf3 O-O 8.
Bg5 h6 9. Bf4 b6 10. e3 Ba6 11. Qc2 c5 12. O-O-O c4 13. e4 Bb4 14. Nxd5
Nxd5 15. exd5 b5 16. Ne5 Bd6 17. Nc6 Qc7 18. Bxd6 Qxd6 19. Qf5 Nd7 20. Qf4
Qf6 21. Qxf6 Nxf6 22. Rhe1 Bb7 23. Re7 Bc8 24. Rxa7 Bg4 25. Re1 Rfe8 26.
Rxe8+ Rxe8 27. Ne5 Bh5 28. d6 Kf8 29. Bc6 Rb8 30. Nd7+ Nxd7 31. Rxd7 b4 32.
Rb7 Rxb7 33. Bxb7 Ke8 34. Bc6+ Kd8 35. a4 bxa3 36. bxa3 Bg6 37. Kd2 Bf5 38.
Kc3 1-0

[Event "Olimpiade 2024 - Donne"]
[Site "Budapest"]
[Date "22.09.2024"]
[Round "11.42"]
[White "Kinoshita, Kanako"]
[Black "Nugroho, Angel Ruth"]
[Result "1/2-1/2"]
[WhiteElo "1822"]
[BlackElo "1939"]
[ECO "B15"]
[Opening "Caro-Kann"]
[Variation "Tartakower (Nimzovich) variation"]
[TimeControl "40/5400+30:1800"]
[EventDate "2024.09.11"]
[Board "2"]
[WhiteFideId "7002238"]
[BlackFideId "7111975"]
[WhiteTeam "Japan"]
[BlackTeam "Indonesia"]

1. e4 c6 2. d4 d5 3. Nc3 dxe4 4. Nxe4 Nf6 5. Nxf6+ exf6 6. c3 Bd6 7. Bd3
O-O 8. Ne2 Re8 9. Qc2 h6 10. O-O Qc7 11. f4 Nd7 12. Bd2 c5 13. Rae1 Nf8 14.
Kh1 b6 15. c4 cxd4 16. Nxd4 Rxe1 17. Rxe1 Bd7 18. Be4 Rc8 19. Nf5 Bxf5 20.
Bxf5 Qxc4 21. Qxc4 Rxc4 22. g3 Bb4 23. Rc1 Rxc1+ 24. Bxc1 Ne6 25. Kg2 g6
26. Bd3 f5 27. a3 Bc5 28. h3 a5 29. Bd2 Kf8 30. b4 axb4 31. axb4 Bd4 32. g4
fxg4 33. hxg4 Ng7 34. f5 gxf5 35. Bxh6 fxg4 36. Bf5 Ke7 37. Bxg4 Ne6 38.
Bd2 Kd6 39. Kf3 Ke5 40. Ke2 f5 41. Bf3 f4 42. Kd3 Ng5 43. Bxf4+ Kxf4 44.
Kxd4 Nxf3+ 45. Kc4 1/2-1/2

[Event "Olimpiade 2024 - Donne"]
[Site "Budapest"]
[Date "22.09.2024"]
[Round "11.42"]
[White "Yuliana, Evi"]
[Black "Mitsuyama, Rikka"]
[Result "1-0"]
[WhiteElo "1912"]
[BlackElo "1738"]
[ECO "D59"]
[Opening "QGD"]
[Variation "Tartakower (Makagonov-Bondarevsky) system, 8.cd Nxd5"]
[TimeControl "40/5400+30:1800"]
[EventDate "2024.09.11"]
[Board "3"]
[WhiteFideId "7110294"]
[BlackFideId "7002815"]
[WhiteTeam "Indonesia"]
[BlackTeam "Japan"]

1. d4 d5 2. c4 e6 3. Nf3 Nf6 4. Nc3 Be7 5. Bg5 O-O 6. e3 h6 7. Bh4 b6 8.
cxd5 Nxd5 9. Bxe7 Qxe7 10. Nxd5 exd5 11. Qb3 Be6 12. Rc1 c5 13. Qa3 Rc8 14.
Bb5 Qb7 15. b3 c4 16. bxc4 a6 17. Ba4 dxc4 18. O-O b5 19. Bd1 Bd5 20. Re1
Be4 21. Ne5 f6 22. f3 Bf5 23. Ng4 Nc6 24. Qb2 Qd7 25. Nf2 Re8 26. Bc2 Bxc2
27. Qxc2 Nb4 28. Qb2 Qe7 29. a3 Nd5 30. e4 Rac8 31. Kf1 Nb6 32. Ng4 Na4 33.
Qa1 h5 34. Ne3 Qd6 35. g3 c3 36. Qa2+ Kh8 37. Qf7 Qxd4 38. Rcd1 Qe5 39. Rd5
Rf8 40. Qg6 Qe8 41. Rxh5+ Kg8 42. Qh7+ Kf7 43. Nf5 Rh8 44. Qxg7+ Ke6 45.
Nd4+ Kd6 46. Rd5# 1-0

[Event "Olimpiade 2024 - Donne"]
[Site "Budapest"]
[Date "22.09.2024"]
[Round "11.42"]
[White "Takayasu, Melody"]
[Black "Adeline, Clementia"]
[Result "0-1"]
[WhiteElo "1768"]
[BlackElo "1550"]
[ECO "B21"]
[Opening "Sicilian"]
[Variation "Grand Prix attack"]
[TimeControl "40/5400+30:1800"]
[EventDate "2024.09.11"]
[Board "4"]
[WhiteFideId "7003501"]
[BlackFideId "7132085"]
[WhiteTeam "Japan"]
[BlackTeam "Indonesia"]

1. e4 c5 2. f4 d6 3. Nf3 Nc6 4. Nc3 g6 5. Bc4 Bg7 6. d3 Bd7 7. Be3 e6 8.
Qd2 Nge7 9. O-O-O a6 10. g4 b5 11. Bb3 Na5 12. f5 b4 13. Na4 Nxb3+ 14. axb3
Qa5 15. fxe6 fxe6 16. Kb1 Bxa4 17. bxa4 Qxa4 18. Ng5 Rb8 19. Nxe6 Bc3 20.
Qc1 b3 21. cxb3 Qxb3 22. Qc2 Qxb2+ 23. Qxb2 Rxb2+ 24. Kc1 Kd7 25. Ng5 Rhb8
26. d4 cxd4 27. Bxd4 Bxd4 28. Rxd4 Rb1+ 29. Kc2 Rxh1 30. e5 Rxh2+ 31. Kd3
d5 32. e6+ Kd6 33. Kc3 Nc6 34. Ra4 Kc5 35. Rf4 d4+ 36. Kd3 Rb3+ 0-1

[Event "Olimpiade 2024 - Donne"]
[Site "Budapest"]
[Date "22.09.2024"]
[Round "11.43"]
[White "Park, Sunwoo"]
[Black "Nassr, Lina"]
[Result "0-1"]
[WhiteElo "1877"]
[BlackElo "2010"]
[ECO "B23"]
[Opening "Sicilian"]
[Variation "closed"]
[TimeControl "40/5400+30:1800"]
[EventDate "2024.09.11"]
[Board "1"]
[WhiteFideId "13203320"]
[BlackFideId "7908075"]
[WhiteTeam "South Korea"]
[BlackTeam "Algeria"]

1. e4 c5 2. Nc3 e6 3. g3 Nc6 4. Bg2 g6 5. Nge2 Bg7 6. d3 Nge7 7. Be3 Nd4 8.
Qd2 Nec6 9. O-O O-O 10. Nd1 d6 11. Nxd4 cxd4 12. Bh6 e5 13. c3 Be6 14. cxd4
Nxd4 15. Be3 Rc8 16. Nc3 Qa5 17. Rfb1 Qb4 18. Qd1 a6 19. Bd2 Qb6 20. b3 f5
21. exf5 Nxf5 22. Bd5 Bxd5 23. Nxd5 Qc5 24. Ne3 Nd4 25. Rc1 Qb5 26. Rxc8
Rxc8 27. Qg4 Rf8 28. Nc4 Qd5 29. Qe4 Qxe4 30. dxe4 Nf3+ 31. Kg2 b5 32. Bb4
bxc4 33. bxc4 Ng5 34. Re1 Rc8 35. Bxd6 Rxc4 36. Rb1 Nxe4 37. Rb8+ Kf7 38.
Rb7+ Ke6 39. Bb4 Bf6 40. Rb6+ Kf7 41. a3 Rc2 42. Kf3 Nxf2 43. h4 Nd3 44.
Rb7+ Ke8 45. Ba5 h5 46. Rb6 Kf7 47. Ke4 Nc5+ 48. Kd5 Bd8 0-1

[Event "Olimpiade 2024 - Donne"]
[Site "Budapest"]
[Date "22.09.2024"]
[Round "11.43"]
[White "Latreche, Sabrina"]
[Black "Kang, Sohyun"]
[Result "1-0"]
[WhiteElo "2030"]
[BlackElo "1726"]
[ECO "D00"]
[Opening "Queen's pawn, Mason variation"]
[TimeControl "40/5400+30:1800"]
[EventDate "2024.09.11"]
[Board "2"]
[WhiteFideId "7901798"]
[BlackFideId "13205706"]
[WhiteTeam "Algeria"]
[BlackTeam "South Korea"]

1. d4 d5 2. Bf4 e6 3. e3 Bd6 4. Qg4 Kf8 5. Qf3 b6 6. Nc3 c6 7. h4 Ba6 8.
Bxa6 Nxa6 9. Nh3 h6 10. O-O-O b5 11. Bxd6+ Qxd6 12. Nf4 Ke7 13. e4 b4 14.
e5 Qc7 15. Na4 Rc8 16. Nd3 Ke8 17. Nac5 Nxc5 18. Nxc5 h5 19. g4 Nh6 20. g5
Nf5 21. g6 Rh6 22. gxf7+ Qxf7 23. Qd3 Qe7 24. Qa6 Rc7 25. Qa5 b3 26. axb3
Rg6 27. Rdg1 Rh6 28. c3 Rc8 29. Qa6 Rc7 30. Rh3 Nxh4 31. Rhg3 Nf5 32. Rg6
Kf7 33. Rxh6 Nxh6 34. Qe2 Qh4 35. Rxg7+ Kxg7 36. Nxe6+ Kh7 37. Nxc7 Qg5+
38. Kb1 h4 39. e6 Ng8 40. Qf3 Qh6 41. Qh3 Ne7 42. Ka2 Qf4 43. Ne8 Ng6 44.
e7 Nxe7 45. Qe6 Qf8 46. Nf6+ Kh8 47. Qe5 Ng6 48. Qg5 Kg7 49. Nh5+ Kh7 50.
f4 Qc8 51. Kb1 Qa6 52. c4 Qa5 53. Nf6+ Kg7 54. Ne8+ Kf7 55. Qf6+ Kxe8 56.
Qxg6+ Kd7 57. Qh7+ 1-0

[Event "Olimpiade 2024 - Donne"]
[Site "Budapest"]
[Date "22.09.2024"]
[Round "11.43"]
[White "Cho, Yeonhee"]
[Black "Abdi, Zineb Dina"]
[Result "1/2-1/2"]
[WhiteElo "1696"]
[BlackElo "1915"]
[ECO "C41"]
[Opening "Philidor"]
[Variation "Hanham, Steiner variation"]
[TimeControl "40/5400+30:1800"]
[EventDate "2024.09.11"]
[Board "3"]
[WhiteFideId "13201190"]
[BlackFideId "7900880"]
[WhiteTeam "South Korea"]
[BlackTeam "Algeria"]

1. e4 e5 2. Nf3 d6 3. d4 Nd7 4. Bc4 c6 5. O-O Be7 6. dxe5 dxe5 7. Ng5 Bxg5
8. Qh5 g6 9. Qxg5 Qxg5 10. Bxg5 Ngf6 11. f3 h6 12. Be3 Nf8 13. Nd2 b5 14.
Bb3 Be6 15. c4 N6d7 16. cxb5 cxb5 17. Rac1 Bxb3 18. Nxb3 Ne6 19. Rc6 a5 20.
Rd1 a4 21. Nc1 Ke7 22. Nd3 Rac8 23. Rdc1 Rxc6 24. Rxc6 g5 25. Nc5 Ndxc5 26.
Bxc5+ Kd7 27. Rd6+ Kc7 28. Bb4 Rd8 29. Rxd8 Kxd8 30. g3 Kd7 31. Kf2 f6 32.
Ke3 Nd4 33. Bc3 Ne6 34. Bb4 Nd4 35. Bc3 Ne6 36. Bb4 1/2-1/2

[Event "Olimpiade 2024 - Donne"]
[Site "Budapest"]
[Date "22.09.2024"]
[Round "11.43"]
[White "Nassr, Rania"]
[Black "Kim, Sarang"]
[Result "1/2-1/2"]
[WhiteElo "1866"]
[BlackElo "1732"]
[ECO "D11"]
[Opening "QGD Slav"]
[Variation "3.Nf3"]
[TimeControl "40/5400+30:1800"]
[EventDate "2024.09.11"]
[Board "4"]
[WhiteFideId "7901461"]
[BlackFideId "13212834"]
[WhiteTeam "Algeria"]
[BlackTeam "South Korea"]

1. d4 d5 2. c4 c6 3. Nf3 e6 4. g3 Nf6 5. Bg2 Bd6 6. O-O O-O 7. Nc3 Nbd7 8.
Nd2 Bb4 9. e4 Bxc3 10. bxc3 dxe4 11. Nxe4 Nxe4 12. Bxe4 Nf6 13. Bg2 Qa5 14.
Qb3 Qh5 15. Re1 Ng4 16. h3 Nh6 17. Re5 f5 18. f4 Nf7 19. Re1 Qg6 20. Kh2 h5
21. Ba3 Re8 22. Qd1 Qh6 23. h4 Qg6 24. Bf3 Qf6 25. Bxh5 g6 26. Bf3 Kg7 27.
Kg2 Bd7 28. Rb1 b6 29. Qa4 Rec8 30. c5 Nh6 31. Qd1 Rg8 32. c4 Kf7 33. d5
Rad8 34. Qc2 Ng4 35. dxc6 Bc8 36. cxb6 axb6 37. Bxg4 fxg4 38. Qb2 Qf5 39.
Re2 Qd3 40. Rf2 Qe3 41. Qc1 Qe4+ 42. Kh2 Rd3 43. Rb3 Rgd8 44. Rxd3 Rxd3 45.
Bb2 Qxc6 46. f5 exf5 47. Qh6 Qe6 1/2-1/2

[Event "Olimpiade 2024 - Donne"]
[Site "Budapest"]
[Date "22.09.2024"]
[Round "11.44"]
[White "Ptacnikova, Lenka"]
[Black "Sawan, Eman"]
[Result "1/2-1/2"]
[WhiteElo "2065"]
[BlackElo "1972"]
[ECO "A45"]
[Opening "Queen's pawn game"]
[TimeControl "40/5400+30:1800"]
[EventDate "2024.09.11"]
[Board "1"]
[WhiteFideId "305650"]
[BlackFideId "11511729"]
[WhiteTeam "Iceland"]
[BlackTeam "Palestine"]

1. d4 Nf6 2. Nc3 g6 3. Bf4 d5 4. e3 Bg7 5. Nf3 O-O 6. Be2 c6 7. Ne5 Nbd7 8.
Qd2 Nxe5 9. Bxe5 Ne4 10. Nxe4 Bxe5 11. dxe5 dxe4 12. O-O-O Qc7 13. Qc3 c5
14. Bc4 Rb8 15. Rd5 Be6 16. Rd2 Bxc4 17. Qxc4 Qxe5 18. Rd5 Qf6 19. Qxe4
Qxf2 20. Rhd1 e6 21. Rd7 b5 22. Qf3 Qxf3 23. gxf3 a5 24. Rc7 c4 25. Rdd7
Rbc8 26. Ra7 a4 27. Kd2 Rc5 28. Kc3 Rh5 29. Rd2 Rf5 30. f4 Re8 31. Rb7 e5
32. Rxb5 exf4 33. Rxf5 fxe3 34. Rff2 exd2 35. Rxd2 Re4 36. Rd4 Rxd4 37.
Kxd4 f5 38. Kxc4 g5 39. b4 axb3 40. cxb3 Kf7 41. a4 Ke7 42. a5 Kd7 43. b4
f4 44. Kd4 f3 45. Ke3 g4 46. h3 h5 47. b5 Kc7 48. Kf2 Kb7 49. hxg4 hxg4 50.
Kg3 Ka7 51. Kf2 Kb7 52. Ke3 Ka7 53. b6+ 1/2-1/2

[Event "Olimpiade 2024 - Donne"]
[Site "Budapest"]
[Date "22.09.2024"]
[Round "11.44"]
[White "Hamouri, Taqwa"]
[Black "Johannsdottir, Johanna Bjorg"]
[Result "0-1"]
[WhiteElo "1845"]
[BlackElo "2013"]
[ECO "B06"]
[Opening "Robatsch (modern) defence"]
[TimeControl "40/5400+30:1800"]
[EventDate "2024.09.11"]
[Board "2"]
[WhiteFideId "11506792"]
[BlackFideId "2303108"]
[WhiteTeam "Palestine"]
[BlackTeam "Iceland"]

1. e4 g6 2. d4 Bg7 3. Nc3 d6 4. Bg5 a6 5. f4 Nd7 6. Nf3 c5 7. d5 b5 8. a3
Qa5 9. Be2 Bxc3+ 10. bxc3 Qxc3+ 11. Nd2 Qe3 12. Rf1 Ngf6 13. Bh4 Nxe4 14.
Nxe4 Qxe4 15. Qd3 Qxd3 16. Bxd3 c4 17. Be4 Nc5 18. Bf3 O-O 19. Kd2 Ra7 20.
Rfe1 f6 21. Re2 Kf7 22. Bf2 Rc7 23. Rae1 Re8 24. g4 a5 25. Rb1 Ba6 26. Bd4
Na4 27. c3 Nc5 28. Kc2 Rb8 29. f5 Bc8 30. fxg6+ hxg6 31. h3 Nd3 32. Be4 Nf4
33. Rh2 Bd7 34. Be3 e5 35. Bd2 Rh8 36. Bxf4 exf4 37. Bf3 g5 38. Kd2 Rc5 39.
Rbh1 f5 40. gxf5 Bxf5 41. Rg1 Kf6 42. Rgh1 Re8 43. Re2 Rxe2+ 44. Kxe2 b4
45. axb4 axb4 46. cxb4 Rb5 47. Rc1 Rxb4 48. Rc3 Bxh3 49. Be4 g4 50. Kf2 Ke5
51. Bh1 Rb2+ 52. Kg1 g3 0-1

[Event "Olimpiade 2024 - Donne"]
[Site "Budapest"]
[Date "22.09.2024"]
[Round "11.44"]
[White "Thorsteinsdottir, Hallgerdur"]
[Black "Faqeeh, Yara"]
[Result "1-0"]
[WhiteElo "1938"]
[BlackElo "1671"]
[ECO "C10"]
[Opening "French"]
[Variation "Rubinstein variation"]
[TimeControl "40/5400+30:1800"]
[EventDate "2024.09.11"]
[Board "3"]
[WhiteFideId "2302454"]
[BlackFideId "11501642"]
[WhiteTeam "Iceland"]
[BlackTeam "Palestine"]

1. e4 e6 2. d4 d5 3. Nd2 dxe4 4. Nxe4 Nd7 5. Nf3 Be7 6. Bd3 b6 7. O-O Bb7
8. c3 h6 9. Bf4 Ngf6 10. Nxf6+ Nxf6 11. Qa4+ c6 12. Rad1 O-O 13. Bb1 Qc8
14. Qc2 c5 15. Qd2 Be4 16. Bxe4 Nxe4 17. Qe3 Nf6 18. d5 Re8 19. dxe6 Qxe6
20. Qxe6 fxe6 21. Rfe1 Bf8 22. Rd2 g5 23. Be5 Bg7 24. Rde2 Kf7 25. Nd2 Rad8
26. Nc4 Bf8 27. f4 g4 28. Ne3 h5 29. c4 Bh6 30. g3 Nd7 31. Bc3 Bg7 32. Bxg7
Kxg7 33. Nd1 Kf6 34. Nc3 Nf8 35. Re5 Kg6 36. f5+ Kf6 37. Nd5+ Kf7 38. Nc7
Re7 39. fxe6+ Kg6 40. Nd5 Rde8 41. Nxe7+ Rxe7 42. Rf1 Rxe6 43. Rxe6+ Nxe6
44. Kg2 a6 45. b3 b5 46. cxb5 axb5 47. a4 bxa4 48. bxa4 Nc7 49. a5 Na6 50.
Rf4 Nb4 51. Kf1 Na6 52. Ke2 Nc7 53. Kd3 Na6 54. Kc4 Kg5 55. Kb5 Nc7+ 56.
Kc6 Na6 57. Kb7 Nb4 58. a6 Nxa6 59. Kxa6 1-0

[Event "Olimpiade 2024 - Donne"]
[Site "Budapest"]
[Date "22.09.2024"]
[Round "11.44"]
[White "Natsheh, Wajd"]
[Black "Helgadottir, Idunn"]
[Result "0-1"]
[WhiteElo "1739"]
[BlackElo "1837"]
[ECO "A45"]
[Opening "Trompovsky attack (Ruth, Opovcensky opening)"]
[TimeControl "40/5400+30:1800"]
[EventDate "2024.09.11"]
[Board "4"]
[WhiteFideId "11507748"]
[BlackFideId "2314118"]
[WhiteTeam "Palestine"]
[BlackTeam "Iceland"]

1. d4 Nf6 2. Bg5 e6 3. Nc3 Be7 4. Nf3 d5 5. Bxf6 Bxf6 6. e4 O-O 7. Bd3 c5
8. e5 Be7 9. dxc5 Bxc5 10. h4 h6 11. Ng5 f5 12. Qh5 Qe8 13. Qxe8 Rxe8 14.
Nh3 Nc6 15. Nb5 Re7 16. f4 Nb4 17. Kd2 Nxd3 18. cxd3 a6 19. Nc3 b5 20. Ne2
d4 21. a3 Bb7 22. Rhg1 Rc7 23. h5 Rac8 24. g4 fxg4 25. Rxg4 Bxa3 26. Rxa3
Bf3 27. Rxg7+ Rxg7 28. Nxd4 Rg2+ 29. Ke3 Bd5 30. Nf2 Rg3+ 31. Ke2 Rf8 32.
f5 exf5 33. Rxa6 f4 34. Rxh6 Re3+ 35. Kd2 Rxe5 36. Rg6+ Kh7 37. Rd6 Rxh5
38. Ng4 Kg7 39. b4 Rg5 40. Rxd5 Rxd5 41. Ne6+ Kf7 42. Nxf8 Kxf8 43. Nf2 Ke7
44. Ne4 Ke6 45. Ke2 Rd4 46. Kf3 Ke5 47. Nf2 Rxb4 48. Ng4+ Kd4 49. Nf2 Kc3
0-1

[Event "Olimpiade 2024 - Donne"]
[Site "Budapest"]
[Date "22.09.2024"]
[Round "11.45"]
[White "Lopez L., Dairyn D."]
[Black "Paulo, Jemima"]
[Result "0-1"]
[WhiteElo "1740"]
[BlackElo "2037"]
[ECO "A45"]
[Opening "Queen's pawn game"]
[TimeControl "40/5400+30:1800"]
[EventDate "2024.09.11"]
[Board "1"]
[WhiteFideId "7301502"]
[BlackFideId "10110836"]
[WhiteTeam "Guatemala"]
[BlackTeam "Angola"]

1. d4 Nf6 2. Bf4 g6 3. Nc3 Bg7 4. e4 d6 5. f3 O-O 6. Qd2 Nc6 7. O-O-O Re8
8. Bh6 Bh8 9. h4 Nh5 10. Nge2 e5 11. g4 exd4 12. gxh5 dxc3 13. bxc3 Ne5 14.
hxg6 fxg6 15. Nf4 Bg7 16. Qd5+ Kh8 17. Bg5 Bf6 18. Kb1 Bxg5 19. hxg5 Qxg5
20. Nh3 Bxh3 21. Bxh3 Qe3 22. Bg4 Kg7 23. Rh3 Rh8 24. Rf1 Rae8 25. f4 Qb6+
26. Kc1 Nxg4 27. f5 Qc5 28. Qd2 Rxe4 29. fxg6 hxg6 30. Rhf3 Ne5 31. Rg3 Rf8
32. Rxf8 Kxf8 33. Qh6+ Ke7 34. Qg7+ Ke6 35. Qg8+ Kd7 36. Qh7+ Kc6 37. Qh1
Qd5 38. Rg1 Ra4 39. Qxd5+ Kxd5 0-1

[Event "Olimpiade 2024 - Donne"]
[Site "Budapest"]
[Date "22.09.2024"]
[Round "11.45"]
[White "Caxita, Esperanca"]
[Black "Raymundo, Deycy Daniela"]
[Result "1-0"]
[WhiteElo "1932"]
[BlackElo "1728"]
[ECO "B23"]
[Opening "Sicilian"]
[Variation "closed"]
[TimeControl "40/5400+30:1800"]
[EventDate "2024.09.11"]
[Board "2"]
[WhiteFideId "10100903"]
[BlackFideId "7305184"]
[WhiteTeam "Angola"]
[BlackTeam "Guatemala"]

1. e4 c5 2. Nc3 e6 3. Nf3 Nc6 4. g3 Be7 5. Bg2 Nf6 6. O-O O-O 7. Re1 d5 8.
exd5 exd5 9. d4 cxd4 10. Nxd4 Nxd4 11. Qxd4 Be6 12. Bg5 h6 13. Bf4 b6 14.
Be5 Bc5 15. Qf4 Ng4 16. Bd4 Bxd4 17. Qxd4 Qf6 18. Rad1 Rac8 19. h3 Qxd4 20.
Rxd4 Nf6 21. Re2 Rfd8 22. f4 Rc5 23. g4 Kf8 24. Red2 Rdc8 25. f5 Bd7 26.
Bxd5 Nxd5 27. Rxd5 Rxd5 28. Rxd5 Bc6 29. Rd2 Ke7 30. Kf2 g6 31. Re2+ Kf6
32. fxg6 fxg6 33. Kg3 a6 34. Nd1 Re8 35. Rd2 Re1 36. Rd6+ Re6 37. Rd3 Bb5
38. Rf3+ Kg7 39. Re3 Rxe3+ 40. Nxe3 Bc6 41. Nc4 b5 42. Ne5 Bd5 43. a3 Kf6
44. Nd7+ Ke7 45. Nc5 a5 46. Kf4 g5+ 47. Ke3 Bg2 48. Nb3 Bxh3 49. Kf3 Bf1
50. Nd2 Bc4 51. Nxc4 bxc4 52. b3 Kd6 53. b4 axb4 54. axb4 Kd5 55. c3 Ke5
56. b5 Kd5 57. b6 Kc6 58. Ke3 Kxb6 59. Kd4 Kc6 60. Kxc4 Kd6 61. Kd4 Ke6 62.
Ke4 Kf6 63. c4 Ke6 64. c5 Kd7 65. Kf5 Kc6 66. Kg6 h5 67. Kxh5 Kxc5 68. Kxg5
Kd6 69. Kf6 Kd7 70. Kf7 Kd6 71. g5 Kd7 72. g6 Kd6 73. g7 Kd7 74. g8=Q 1-0